 Dungeon Crawl Stone Soup version 0.31-a0-112-gdf0485fa37 (webtiles) character file.

Game seed: 7599325692340440359

210 mopl the Vexing (level 5, -1/30 HPs)
             Began as a Deep Elf Enchanter on May 28, 2023.
             Slain by a scorpion (3 damage)
             ... on level 3 of the Dungeon.
             The game lasted 00:05:27 (2253 turns).

mopl the Vexing (Deep Elf Enchanter)                Turns: 2253, Time: 00:05:27

Health: -1/30      AC:  4    Str:  5    XL:     5   Next: 56%
Magic:  0/22       EV: 13    Int: 20    God:
Gold:   179        SH:  0    Dex: 17    Spells: 1/12 levels left

rFire   . . .        a - +1 dagger
rCold   . . .        (no shield)
rNeg    . . .        b - +0 robe
rPois   +            q - +0 helmet
rElec   .            (no cloak)
rCorr   .            (no gloves)
SInv    .            l - +0 pair of boots
Will    .....        s - amulet of guardian spirit
Stlth   +++          j - ring of magical power
HPRegen 0.25/turn    n - ring of poison resistance
MPRegen 0.18/turn

%: guardian spirit
@: brilliant, very slightly contaminated
A: no striking features
a: no special abilities


You were on level 3 of the Dungeon.
You visited 1 branch of the dungeon, and saw 4 of its levels.

You collected 179 gold pieces.

Inventory:

Hand Weapons
 a - a +1 dagger (weapon)
 v - a +2 short sword of draining
Missiles
 f - 11 poisoned darts
 o - 7 boomerangs
Armour
 b - a +0 robe (worn)
 l - a +0 pair of boots (worn)
 q - a +0 helmet (worn)
Jewellery
 j - a ring of magical power (left hand)
 n - a ring of poison resistance (right hand)
 s - an amulet of guardian spirit (around neck)
Scrolls
 d - 5 scrolls of vulnerability {unknown}
 e - 2 scrolls of identify {unknown}
 k - 2 scrolls of enchant weapon {unknown}
 p - a scroll of torment {unknown}
 t - a scroll of poison {unknown}
 u - a scroll of brand weapon {unknown}
Potions
 c - 2 potions of invisibility
 g - a potion of enlightenment {unknown}
 h - a potion of berserk rage {unknown}
 i - a potion of brilliance
 m - 2 potions of heal wounds {unknown}
 r - a potion of might {unknown}


   Skills:
 + Level 1.8 Fighting
 + Level 2.5 Short Blades
 - Level 2.4 Dodging
 + Level 4.9 Stealth
 + Level 4.3 Spellcasting
 + Level 5.1 Hexes


You had one spell level left.
You knew the following spells:

 Your Spells              Type           Power      Damage    Failure   Level
b - Ensorcelled Hibernat  Hex/Ice        42%        N/A       7%          2
c - Confusing Touch       Hex            37%        N/A       4%          3
d - Tukima's Dance        Hex            37%        N/A       4%          3
f - Dazzling Flash        Conj/Hex       42%        N/A       13%         3

Your spell library contained the following spells:

 Spells                   Type           Power      Damage    Failure   Level
 Blink                    Tloc           12%        N/A       19%         2
 Lesser Beckoning         Tloc           12%        N/A       19%         2
 Momentum Strike          Conj/Tloc      12%        3d8       19%         2
 Ozocubu's Armour         Ice            6%         N/A       36%         3
 Ozocubu's Refrigeration  Ice            3%         4d8       100%        7


Dungeon Overview and Level Annotations

Branches:
Dungeon (4/15)
 Temple: D:4-7

Altars:
Ru

Annotations:
D:3 3 runed translucent doors, qborf's ghost, amateur FoEn


Message History

You are too injured to fight recklessly!
Casting: Ensorcelled Hibernation (safe; 7% risk of failure)
Confirm with . or Enter, or press ? or * to list all spells.
Aiming: Ensorcelled Hibernation (safe; 7% risk of failure)
Press: ? - help, Shift-Dir - straight line, f/p - gnoll
Aim: a gnoll, wielding a +0 halberd (moderately wounded, chance to affect: 56%)
The gnoll looks drowsy...
The scorpion stings you. The rat closely misses you.
The helpless gnoll fails to defend itself.
You impale the gnoll!!
You kill the gnoll!
The scorpion misses you. The rat closely misses you.
The rat attacks as you move away! The rat closely misses you.
The scorpion stings you.
You see here a +0 halberd.
The scorpion attacks as you move away! The scorpion barely misses you.
The scorpion attacks as you move away! The scorpion barely misses you.
Casting: Ensorcelled Hibernation (safe; 7% risk of failure)
Confirm with . or Enter, or press ? or * to list all spells.
Aiming: Ensorcelled Hibernation (safe; 7% risk of failure)
Press: ? - help, Shift-Dir - straight line, f - scorpion
Aim: a scorpion (chance to affect: 48%)
You miscast Ensorcelled Hibernation.
You are very lightly contaminated with residual magic.
Nothing appears to happen.
The scorpion barely misses you. x2
Casting: Ensorcelled Hibernation (safe; 7% risk of failure)
Confirm with . or Enter, or press ? or * to list all spells.
You don't have enough magic to cast this spell.
Unknown command.
You hit the scorpion. You punch the scorpion.
The scorpion is moderately wounded.
The scorpion stings you!
* * * LOW HITPOINT WARNING * * *
You closely miss the scorpion.
The scorpion is moderately wounded.
The scorpion stings you!
* * * LOW HITPOINT WARNING * * *
It was a potion of brilliance.
You feel clever all of a sudden. The scorpion stings you.
You die...

..####.......# ...###.......# .#
#....#....<..###...#
#....####)......#
##.........###..##
#########..#......## .##
#..........)..##...###.#
#.............##.#..#..#
##..#########.rs@......#
#...#.....Wg#..#####...##
)...#..#.#.h#..# #....######.
##..#.$.#...+..# ##...........#
#..#.?.....+..######......#... .
#..#!..#...+...#............. #
#..#..#.#..#...........<.###..##
#..#.......#.........#........(.
#..#########...........####..###


You could see a scorpion, a howler monkey, qborf's ghost, a hobgoblin and a rat.

Vanquished Creatures
  An orc priest (D:3)
  Robin (D:2)
  5 gnolls
  2 adders (D:2)
  2 worms (D:2)
  4 dart slugs
  6 orcs (D:3)
  6 endoplasms
  A giant cockroach (D:3)
  14 goblins
  6 hobgoblins
  9 quokkas
  3 ball pythons (D:2)
  4 bats
  3 frilled lizards
  9 kobolds
  2 rats (D:2)
78 creatures vanquished.

Notes
Turn   | Place    | Note
-------+----------+-------------------------------------------
     0 | D:1      | mopl the Deep Elf Enchanter began the quest for the Orb.
     0 | D:1      | Reached XP level 1. HP: 10/10 MP: 6/6
   159 | D:1      | Reached XP level 2. HP: 9/16 MP: 8/8
   162 | D:1      | Learned a level 2 spell: Ensorcelled Hibernation
   854 | D:2      | Found a sacrificial altar of Ru.
   870 | D:2      | Reached skill level 4 in Stealth
   885 | D:2      | Reached XP level 3. HP: 20/20 MP: 9/9
   889 | D:2      | Learned a level 3 spell: Confusing Touch
   893 | D:2      | Learned a level 3 spell: Tukima's Dance
  1017 | D:2      | Reached skill level 1 in Fighting
  1261 | D:2      | Reached XP level 4. HP: 25/25 MP: 11/11
  1265 | D:2      | Reached skill level 2 in Short Blades
  1283 | D:2      | Noticed Robin
  1309 | D:2      | Killed Robin
  1680 | D:2      | Reached skill level 4 in Spellcasting
  1757 | D:3      | Learned a level 3 spell: Dazzling Flash
  1758 | D:3      | Found a faded altar of an unknown god.
  1824 | D:3      | Found a runed translucent gate.
  1855 | D:3      | Reached XP level 5. HP: 29/29 MP: 7/13
  1931 | D:2      | HP: 1/29 [gnoll/+0 club (6)]
  2121 | D:3      | You fall into a shaft and drop 1 floor!
  2152 | D:4      | Reached skill level 5 in Hexes
  2173 | D:3      | Found a runed translucent gate.
  2174 | D:3      | Found a runed translucent gate.
  2191 | D:3      | Noticed qborf's ghost (amateur FoEn)
  2253 | D:3      | Slain by a scorpion

Illustrated notes

Levels and vault maps discovered:
D:1:      shiori_arrival_elements, layout_loops_ring
D:2:      wad_woods_stonehenge, layout_loops_ring, minmay_cut_off, uniq_robin
D:3:      layout_rooms, mainiacjoe_overflow_surrounded_room,
          gammafunk_ghost_split, shapermc_ecumenical_altar_acropolis
D:4:      layout_basic, minmay_temple_entry_sparse_star

Skill      XL: |  1  2  3  4  5 |
---------------+----------------+-----
Stealth        | 4 |  4.9
Fighting       | 1 |  1.8
Short Blades   | 2 |  2.5
Spellcasting   | 4 |  4.3
Hexes          | 5 |  5.1
Dodging        | |  2.4

Action                     |  1- 3 |  4- 6 || total
---------------------------+-------+-------++-------
  Melee: Dagger            |    65 |    73 ||   138
         Punch             |       |     1 ||     1
   Cast: Ensorcelled Hiber |    24 |    47 ||    71
    Use: Potion            |       |     1 ||     1
   Stab: Sleeping          |    29 |    32 ||    61
 Armour: Robe              |    11 |    16 ||    27
  Dodge: Dodged            |    38 |    65 ||   103

Table legend: (Time is in decaauts)
 A = Elapsed time spent in this place.
 B = Non-inter-level travel time spent in this place.
 C = Inter-level travel time spent in this place.
 D = Time resting spent in this place.
 E = Time spent auto-exploring this place.
 F = Levels seen in this place.
 G = Mean time per level.
                   A        B        C        D        E       F      G
               +--------+--------+--------+--------+--------+-----+--------+
         Total |   2245 |   2113 |    132 |    269 |   1167 |   4 |  561.2 |
       Dungeon |   2245 |   2113 |    132 |    269 |   1167 |   4 |  561.2 |
               +--------+--------+--------+--------+--------+-----+--------+

Top non-repeatable levels by time:
     D:1: 966 daAuts
     D:2: 955 daAuts
     D:3: 282 daAuts
     D:4: 41 daAuts
